 Dungeon Crawl Stone Soup version 0.18-a0-1507-g69458e0 (webtiles) character file.

86 SlimeFever the Sneak (level 4, -3/36 HPs)
             Began as a Naga Enchanter on Mar 5, 2016.
             Slain by Terence
             ... wielding a +0 hand axe
              (8 damage)
             ... on level 2 of the Dungeon.
             The game lasted 00:17:51 (1529 turns).

SlimeFever the Sneak (Naga Enchanter)               Turns: 1529, Time: 00:17:51

Health: -3/36      AC:  5    Str: 10    XL:     4   Next: 49%
Magic:  1/7        EV: 10    Int: 11    God:
Gold:   67         SH:  0    Dex: 13    Spells: 2 memorised, 4 levels left

rFire  . . .     SeeInvis +     k - -1 dagger (curse)
rCold  . . .     Gourm    .     b - +1 robe
rNeg   . . .     Faith    .     (no shield)
rPois  +         Spirit   .     (no helmet)
rElec  .         Dismiss  .     (no cloak)
rCorr  .         Reflect  .     r - +1 pair of gloves
SustAt .         Harm     .     (no barding)
MR     .....                    (no amulet)
Stlth  +++.......               n - ring of wizardry
                                l - -4 ring of intelligence (curse)

@: very slightly contaminated, very slow, not resistant to hostile enchantments,
fairly stealthy
A: see invisible, deformed body, poison resistance, slowness 2, slow metabolism
1, spit poison 2, AC +1
a: Spit Poison


You were on level 2 of the Dungeon.
You were not hungry.

You visited 1 branch of the dungeon, and saw 2 of its levels.

You collected 67 gold pieces.

Inventory:

Hand Weapons
 a - a +1 dagger
 k - a cursed -1 dagger (weapon)
 o - a +0 short sword
 s - a +0 hunting sling
Missiles
 i - 19 arrows
 j - 19 bolts
Armour
 b - a +1 robe (worn)
 r - a +1 pair of gloves (worn)
Jewellery
 l - a cursed -4 ring of intelligence (left hand)
 n - a ring of wizardry (right hand)
Potions
 f - 2 potions of degeneration {unknown}
 g - 3 potions of mutation
 h - a potion of invisibility
 p - a potion of might {unknown}
Books
 c - a book of Maledictions

   Spells                             Type                      Level
   a - Corona                         Hexes                        1
   b - Ensorcelled Hibernation        Hexes/Ice                    2
   c - Confuse                        Hexes                        3
   d - Tukima's Dance                 Hexes                        3
   e - Dazzling Spray                 Conjuration/Hexes            3
Comestibles
 d - 3 bread rations
 m - a meat ration


   Skills:
 * Level 2.0 Short Blades
 * Level 2.1 Dodging
 * Level 5.7 Stealth
 + Level 2.2 Spellcasting
 * Level 3.4 Hexes


You had 4 spell levels left.
You knew the following spells:

 Your Spells              Type           Power        Failure   Level  Hunger
a - Corona                Hex            #......      4%          1    ##.....
b - Ensorcelled Hibernat  Hex/Ice        #.....       10%         2    ###....


Dungeon Overview and Level Annotations

Branches:
Dungeon (2/15)

Altars:

Annotations:
D:2 Terence


Innate Abilities, Weirdness & Mutations

You cannot wear boots.
Your serpentine skin is tough (AC +1).
You have supernaturally acute eyesight.
Armour fits poorly on your strangely shaped body.
Your system is resistant to poisons.
You cover ground very slowly.
You have a slow metabolism.
You can spit poison.


Message History

Terence is lightly wounded.
Terence hits you but does no damage.
You hit Terence but do no damage.
Terence is lightly wounded.
Terence hits you with a hand axe!
You barely miss Terence.
Terence is lightly wounded.
Terence hits you with a hand axe.
* * * LOW HITPOINT WARNING * * *
You hit Terence but do no damage.
Terence is lightly wounded.
You completely miss Terence.
Terence is lightly wounded.
Terence hits you with a hand axe.
* * * LOW HITPOINT WARNING * * *
Identify which item? (\ to view known items) (? for menu, Esc to quit)
As you read the scroll of identify, it crumbles to dust.
g - 3 potions of mutation Terence hits you with a hand axe!
You die...

#.# ##..# #.####..........
#.###...#######.####..........
#.#......(†.....(.............
####.#......#####................
............# #...8............
..........(.# #..8.8)..........
............# #.8._.8.#.......#
............#####..8.8...........
####.##....#...@@...8.......(....
#.###<....####.............)..
#.###.....#####.###...........
#..####.......#[.##..........(
##.##...#####..#..####.......#
#.##.#.# ##....# ##.....##
#....#.# ####.# ####.## ######.#
### #.# #.# ##########.###


You could see Terence.

Vanquished Creatures
  2 adders (D:2)
  A worm (D:2)
  A dart slug (D:1)
  A giant gecko (D:2)
  4 giant cockroaches
  8 goblins
  11 hobgoblins
  3 jackals (D:2)
  8 kobolds
  A quokka (D:2)
  6 bats
  3 giant newts
  6 rats
55 creatures vanquished.

Notes
Turn   | Place    | Note
--------------------------------------------------------------
     0 | D:1      | SlimeFever the Naga Enchanter began the quest for the Orb.
     0 | D:1      | Reached XP level 1. HP: 15/15 MP: 3/3
   104 | D:1      | Reached XP level 2. HP: 14/22 MP: 1/5
   108 | D:1      | Learned a level 2 spell: Ensorcelled Hibernation
   123 | D:1      | Reached skill level 5 in Stealth
   485 | D:1      | Reached XP level 3. HP: 10/28 MP: 2/6
   973 | D:2      | Found a faded altar to an unknown god.
  1003 | D:2      | Reached XP level 4. HP: 20/36 MP: 5/7
  1120 | D:2      | Noticed Terence
  1529 | D:2      | Slain by Terence

Vault maps used:
D:1:      tarquinn_simple_flora_water_f, serial_forest,
          infiniplex_forest_lined_room_2, infiniplex_forest_clump_diagonal,
          infiniplex_forest_lined_ring, infiniplex_forest_straight_5,
          infiniplex_forest_lined_corner, infiniplex_forest_straight_5,
          infiniplex_forest_clump_curved
D:2:      ecumenical_altar_2, uniq_terence

Skill      XL: |  1  2  3 |
---------------+----------+-----
Stealth        | 5 |  5.7
Short Blades   | 2 |  2.0
Dodging        | 2 |  2.1
Spellcasting   | |  2.2
Hexes          | |  3.4

Action                   |  1- 3 |  4- 6 || total
-------------------------+-------+-------++-------
Melee: Dagger            |   136 |    97 ||   233
 Cast: Corona            |    22 |     8 ||    30
       Ensorcelled Hiber |    11 |    13 ||    24
  Use: Scroll            |     3 |     4 ||     7
       Potion            |     1 |       ||     1
 Stab: Sleeping          |    17 |     8 ||    25
  Eat: Bread ration      |     1 |       ||     1
